 Dungeon Sprint DCSS version 0.21.1-1-g345015f (webtiles) character file.

85 spiff the Stinger (level 4, -1/41 HPs)
             Began as a Draconian Venom Mage on July 11, 2018.
             Slain by an ogre
             ... wielding a +0 giant club
              (8 damage)
             ... in the Dungeon (Sprint IX: "|||||||||||||||||||||||||||||").
             The game lasted 00:01:12 (198 turns).

spiff the Stinger (Draconian Venom Mage)             Turns: 198, Time: 00:01:12

Health: -1/41      AC:  5    Str: 10    XL:     4   Next: 25%
Magic:  10/10      EV: 12    Int: 17    God:
Gold:   0          SH:  0    Dex: 11    Spells: 10/11 levels left

rFire    . . .     SeeInvis .   j - +0 dagger
rCold    . . .     Gourm    .   (no shield)
rNeg     . . .     Faith    .   (armour unavailable)
rPois    .         Spirit   .   (helmet restricted)
rElec    .         Reflect  .   (no cloak)
rCorr    .         Harm     .   (no gloves)
MR       .....     NoTele   +   (no boots)
Stlth    ++........             (no amulet)
HPRegen  0.13/turn              (no ring)
MPRegen  0.12/turn              (no ring)

@: no status effects
A: unfitting armour, cold-blooded, AC +5
a: no special abilities


You were in the Dungeon.
You were not hungry.

You visited 1 branch

Inventory:

Hand Weapons
 j - a +0 dagger (weapon)
Scrolls
 h - a scroll of blinking
Potions
 c - a potion of curing
 e - a potion of haste
 g - a potion of berserk rage
Books
 a - a Young Poisoner's Handbook

   Spells                             Type                      Level
   a - Sting                          Conjuration/Poison           1
   b - Poisonous Vapours              Poison/Air                   2
   c - Mephitic Cloud                 Conjuration/Poison/Air       3
   d - Olgreb's Toxic Radiance        Poison                       4
   e - Venom Bolt                     Conjuration/Poison           5
Comestibles
 b - a ration
 i - a chunk of flesh


   Skills:
 + Level 4.3 Fighting
 - Level 1.7 Dodging
 - Level 1.7 Stealth
 + Level 4.2 Spellcasting
 - Level 1.0 Conjurations
 * Level 6.7 Poison Magic


You had 10 spell levels left.
You knew the following spells:

 Your Spells              Type           Power        Failure   Level  Hunger
a - Sting                 Conj/Pois      ###.         3%          1    None


Dungeon Overview and Level Annotations

Branches:
Dungeon (1/1)

Altars:


Innate Abilities, Weirdness & Mutations

Your plain brown scales are hard. (AC +5)
You cannot fit into any form of body armour.
You are cold-blooded and may be slowed by cold attacks.


Message History

Aiming: Sting
Press: ? - help, Shift-Dir - straight line, f/p - iguana
Aim: an iguana The sting hits the ogre.
The ogre is poisoned.
The ogre is lightly wounded.
The ogre closely misses you.
Casting: Sting
Confirm with . or Enter, or press ? or * to list all spells.
You don't have enough magic to cast that spell.
Unknown command.
Magic courses through your body.
Casting: Sting
Confirm with . or Enter, or press ? or * to list all spells.
Aiming: Sting
Press: ? - help, Shift-Dir - straight line, f/p - iguana
Aim: an iguana The sting hits the ogre.
The ogre looks even sicker.
The ogre is moderately wounded.
The ogre hits you with a giant club!
You die...

▓'▓
▓.▓
▓.▓
▓l▓
▓J▓
▓÷▓
▓o▓
▓O▓
▓@▓
▓.▓
▓<▓
▓▓▓


You could see an ogre, an iguana, a jelly and an orc.

Vanquished Creatures
  An ogre (D)
  A jackal (D)
  A ball python (D)
  A goblin (D)
  2 rats (D)
6 creatures vanquished.

Vanquished Creatures (others)
  A spatial maelstrom (D)
1 creature vanquished.

Grand Total: 7 creatures vanquished

Notes
Turn   | Place    | Note
-------+----------+-------------------------------------------
     0 | D        | spiff the Draconian Venom Mage began the quest for the Orb.
     0 | D        | Reached XP level 1. HP: 14/14 MP: 3/3
     8 | D        | Banished a spatial maelstrom
    14 | D        | Reached skill level 1 in Fighting
   172 | D        | Noticed an iguana
   172 | D        | Noticed a jelly
   172 | D        | Noticed an ogre
   172 | D        | Noticed an ogre
   193 | D        | Killed an ogre
   193 | D        | Reached skill level 6 in Poison Magic
   193 | D        | Reached XP level 2. HP: 9/28 MP: 1/7
   193 | D        | Reached XP level 3. HP: 11/34 MP: 1/8
   193 | D        | Reached XP level 4. HP: 13/41 MP: 1/10
   198 | D        | Slain by an ogre

Skill      XL: |  1 |
---------------+----+-----
Fighting       | 4 |  4.3
Spellcasting   | 4 |  4.2
Poison Magic   | 6 |  6.7
Dodging        | |  1.7
Stealth        | |  1.7
Conjurations   | |  1.0

Action                   |  1- 3 |  4- 6 || total
-------------------------+-------+-------++-------
Melee: Unarmed           |    12 |       ||    12
       Dagger            |     4 |       ||     4
       Tailslap          |     3 |       ||     3
 Cast: Sting             |     8 |     3 ||    11
  Use: Potion            |     1 |     2 ||     3
Armor: Skin              |     2 |       ||     2
Dodge: Dodged            |    10 |     1 ||    11
